Map: Ascension to Aiur LE

Players

Jogo

  • Race: Zerg Zerg
  • League: Platinum
  • Spawn Location: 5:00

eXile - Winner!

  • Race: Zerg Zerg
  • League: Platinum
  • Spawn Location: 11:00

VOD

Have the link to the VOD?

Description

Time

  • Played on: Sept. 24, 2017, 7:44 a.m.
  • Length: 18:25
Show
View Real Time Build Order
Export as new Build Order

Jogo Zerg 

Build Orders: Pool First, Lurkers, Zergling Baneling 

Get SALT Encoding   

  12  0:07  Extractor  
  12  0:08  Drone  
  12  0:15  Drone  
  12  0:20  Drone  
  14  0:37  Spawning Pool  
  14  0:40  Drone  
  14  0:48  Extractor  
  14  0:50  Drone  
  15  0:57  Overlord  
  15  1:17  Drone  
  16  1:24  Metabolic Boost  
  16  1:26  Queen  
  16  1:29  Zergling x2  
  19  1:33  Zergling x2  
  19  1:37  Zergling x2  
  21  1:46  Baneling Nest  
  20  1:50  Zergling x2  
  21  2:00  Zergling x2  
  22  2:05  Overlord  
  22  2:43  Baneling x3  
  22  2:44  Baneling x3  
  22  2:46  Zergling x10  
  22  2:47  Zergling x2  
  28  3:05  Baneling x4  
  23  3:46  Zergling x4  
  23  3:47  Zergling x8  
  23  4:09  Hatchery  
  22  4:11  Zergling x6  
  25  4:22  Zergling x2  
  26  4:36  Baneling x7  
  26  4:37  Baneling x3  
  26  4:39  Zergling x6  
  23  5:49  Zergling x4  
  25  5:50  Zergling x2  
  23  6:09  Baneling x4  
  23  6:10  Baneling x2  
  22  6:15  Queen  
  22  6:17  Zergling x6  
  27  6:26  Drone x3  
  25  7:17  Zergling x2  
  25  7:18  Zergling x4  
  24  7:32  Drone x3  
  24  7:33  Drone x3  
  30  7:39  Queen  
  32  7:46  Roach Warren  
  32  7:48  Extractor  
  32  7:49  Drone x2  
  32  7:57  Drone x2  
  34  8:06  Baneling x6  
  34  8:12  Drone x2  
  36  8:19  Lair  
  33  8:35  Roach  
  35  8:47  Drone  
  36  8:48  Overlord  
  36  8:49  Overlord  
  36  8:57  Spore Crawler  
  36  8:59  Hatchery  
  34  9:08  Drone x4  
  34  9:09  Drone x5  
  43  9:13  Spore Crawler  
  42  9:26  Nydus Network  
  42  9:27  Roach x5  
  51  9:38  Hydralisk Den  
  50  9:43  Extractor, Drone x2  
  50  9:44  Drone  
  52  9:49  Extractor  
  51  10:01  Drone  
  51  10:04  Overlord x2  
  52  10:11  Spore Crawler  
  51  10:16  Drone x5  
  51  10:17  Drone  
  57  10:22  Lurker Den  
  57  10:32  Drone x2  
  59  10:44  Overlord, Hydralisk  
  59  10:45  Hydralisk x4  
  69  11:15  Spore Crawler  
  68  11:24  Spore Crawler  
  67  11:27  Overlord  
  67  11:28  Overlord  
  67  11:34  Overlord, Hydralisk x4  
  75  11:48  Extractor  
  75  11:50  Drone x3  
  75  11:52  Extractor  
  75  11:53  Drone x3  
  79  11:58  Lurker x4  
  79  11:59  Lurker  
  84  12:04  Hydralisk x5  
  84  12:05  Hydralisk x3  
  100  12:21  Nydus Canal  
  100  12:53  Nydus Canal  
  100  12:55  Hydralisk x2  
  100  12:56  Hydralisk  
  106  13:00  Overlord x2  
  106  13:01  Overlord  
  106  13:11  Overlord x2  
  106  13:20  Hatchery  
  105  13:33  Nydus Canal  
  105  13:35  Overlord  
  105  13:36  Hydralisk x6  
  117  13:42  Overseer x2  
  117  13:43  Overseer  
  117  13:46  Pneumatized Carapace  
  76  14:27  Hydralisk x4  
  76  14:28  Hydralisk x2  
  75  14:43  Drone  
  73  15:03  Evolution Chamber  
  73  15:04  Evolution Chamber  
  73  15:05  Evolution Chamber  
  70  15:12  Hydralisk x6  
  82  15:30  Drone x3  
  85  15:42  Lurker x4  
  90  15:43  Lurker x2  
  91  15:53  Drone x2  
  91  15:54  Drone x7  
  68  16:21  Roach x3  
  68  16:22  Roach x3  
  68  16:23  Queen  
  73  16:32  Spine Crawler  
  66  16:33  Spine Crawler  
  66  16:36  Spine Crawler  
  45  16:56  Lurker x2  
  45  16:59  Ravager x3  
  45  17:00  Ravager x2  
  52  17:03  Hydralisk x3  
  52  17:04  Hydralisk x2  
  23  17:53  Lurker x2  
  25  18:04  Hatchery  
Show
View Real Time Build Order
Export as new Build Order

eXile Zerg - Winner!

Build Orders: Hatch First 

Get SALT Encoding   

  12  0:01  Drone  
  13  0:12  Overlord  
  13  0:19  Drone  
  14  0:27  Extractor  
  14  0:28  Drone  
  14  0:32  Drone  
  16  0:50  Hatchery  
  15  0:57  Drone  
  15  0:59  Extractor  
  15  1:00  Drone  
  16  1:15  Spawning Pool  
  15  1:22  Drone  
  15  1:24  Drone  
  17  1:36  Drone x2  
  19  1:45  Overlord  
  19  2:02  Queen  
  19  2:05  Queen  
  23  2:10  Metabolic Boost  
  23  2:16  Zergling x2  
  23  2:17  Zergling x2  
  23  2:21  Drone  
  26  2:24  Drone  
  26  2:27  Zergling x2  
  28  2:30  Zergling x2  
  28  2:33  Drone  
  30  2:41  Drone x2  
  32  2:57  Drone x3  
  35  3:02  Drone  
  36  3:07  Overlord  
  36  3:16  Baneling Nest  
  36  3:18  Evolution Chamber, Queen  
  36  3:19  Evolution Chamber  
  35  3:26  Zergling x8  
  33  3:46  Zergling x2  
  33  3:47  Zergling x6  
  26  4:06  Drone  
  26  4:08  Baneling x2  
  27  4:14  Drone  
  28  4:21  Drone x2  
  30  4:36  Drone x3  
  30  4:37  Drone x2  
  35  4:46  Drone  
  35  4:47  Drone x2  
  38  4:53  Queen  
  38  5:03  Baneling  
  38  5:04  Zergling x8  
  36  5:21  Zergling x6  
  37  5:24  Baneling x4  
  37  5:30  Zergling x2  
  37  5:31  Zergling x2  
  35  5:45  Zergling x2  
  35  5:46  Zergling x8  
  39  5:54  Zergling x2  
  25  6:07  Drone x2  
  25  6:08  Drone x3  
  25  6:10  Baneling x2  
  29  6:14  Drone x2  
  31  6:26  Evolution Chamber x2  
  31  6:27  Spine Crawler  
  31  6:28  Spine Crawler  
  27  6:33  Queen  
  27  6:35  Queen  
  27  6:39  Drone  
  24  7:06  Drone x5  
  25  7:35  Zerg Missile Weapons Level 1  
  25  7:38  Roach Warren  
  24  7:52  Evolution Chamber  
  23  7:59  Drone x3  
  26  8:14  Drone x4  
  32  8:25  Lair  
  30  8:27  Extractor  
  29  8:49  Zergling x2  
  29  8:50  Roach x3  
  36  9:17  Drone x4  
  36  9:18  Drone x4  
  36  9:20  Extractor  
  43  9:33  Zerg Missile Weapons Level 2  
  43  9:42  Overlord  
  43  9:43  Overlord x2  
  43  9:47  Drone  
  43  9:49  Extractor  
  43  9:55  Spore Crawler, Queen  
  43  9:57  Spore Crawler  
  43  9:58  Glial Reconstitution  
  43  10:05  Pneumatized Carapace  
  43  10:31  Drone x3, Queen  
  43  10:32  Drone x6  
  54  10:50  Hatchery  
  54  10:54  Roach x3  
  59  11:16  Roach, Hydralisk Den  
  59  11:17  Roach x4  
  68  11:29  Overlord x3  
  68  11:44  Overlord x2  
  68  11:55  Roach x4  
  68  11:56  Roach x3  
  82  12:02  Zerg Ground Armor Level 1  
  82  12:14  Hydralisk x3  
  88  12:19  Overlord  
  88  12:23  Drone x2  
  90  12:41  Roach x6  
  102  12:48  Ravager x4  
  102  12:49  Ravager x2  
  108  13:00  Overlord x2  
  108  13:05  Hydralisk x2  
  112  13:08  Roach  
  114  13:32  Drone  
  114  13:33  Drone x13  
  128  13:39  Queen  
  130  14:00  Overlord x2  
  130  14:03  Queen  
  104  14:15  Overseer  
  104  14:16  Overseer  
  96  14:17  Roach x3  
  96  14:18  Roach x4  
  108  14:30  Roach  
  108  14:31  Roach x6  
  116  14:35  Roach  
  116  14:36  Roach  
  108  14:38  Queen  
  110  14:50  Extractor  
  109  15:07  Hatchery  
  109  15:14  Hydralisk x7  
  108  15:15  Hydralisk x4  
  130  15:37  Drone x3  
  130  15:41  Extractor  
  132  15:53  Ravager x5  
  137  16:23  Roach x2  
  137  16:24  Roach  
  143  16:25  Overlord x2  
  143  16:26  Overlord x3  
  141  16:59  Roach x6  
  141  17:00  Roach x7  
  127  17:31  Roach x6  
  127  17:32  Roach x8  
  127  17:33  Roach x3  
  147  17:40  Overseer x2  
  147  17:41  Overseer x2  
  147  17:46  Zergling x6  
  150  17:57  Drone x8  
  150  17:58  Drone  
  159  18:04  Ravager x3  
Tags
 
Add a new tag
Caveats
  • Supply blocks, unpowered buildings, or Contaminate may cause inaccurate times.
  • Supply counts are checked every 10 seconds.